 Dungeon Crawl Stone Soup version 0.20.1-1-g8b1a95d (webtiles) character file.

126 vishdafish the Skirmisher (level 4, -4/35 HPs)
             Began as a Demonspawn Fighter on July 3, 2017.
             Killed from afar by Ijyb (20 damage)
             ... with a wand of lightning (?/15)
             ... on level 3 of the Dungeon.
             The game lasted 00:02:21 (1879 turns).

vishdafish the Skirmisher (Demonspawn Fighter)      Turns: 1879, Time: 00:02:22

Health: -4/35      AC:  9    Str: 18    XL:     4   Next: 84%
Magic:  4/4        EV:  7    Int:  9    God:
Gold:   151        SH:  9    Dex: 12    Spells: 3/3 levels left

rFire    . . .     SeeInvis .   a - +0 trident
rCold    . . .     Gourm    .   c - +0 shield
rNeg     . . .     Faith    .   b - +0 scale mail
rPois    .         Spirit   .   (no helmet)
rElec    .         Reflect  .   (no cloak)
rCorr    .         Harm     .   (no gloves)
MR       .....                  (no boots)
Stlth    ..........             (no amulet)
Regen    0.2/turn               (no ring)
MPRegen  0.1/turn               (no ring)

@: no status effects
A: thin metallic scales 2
a: no special abilities


You were on level 3 of the Dungeon.
You were very hungry.

You visited 1 branch of the dungeon, and saw 3 of its levels.

You collected 151 gold pieces.

Inventory:

Hand Weapons
 a - a +0 trident (weapon)
Armour
 b - a +0 scale mail (worn)
 c - a +0 shield (worn)
Scrolls
 e - a scroll of immolation {unknown}
 g - 3 scrolls of enchant weapon {unknown}
 j - a scroll of recharging {unknown}
 m - a scroll of fog {unknown}
 o - 3 scrolls of identify {unknown}
 q - a scroll of remove curse {unknown}
Potions
 d - a potion of might
 i - 3 potions of curing {unknown}
 k - a potion of degeneration {unknown}
 l - 2 potions of brilliance {unknown}
 n - 2 potions of agility {unknown}
 p - a potion of lignification {unknown}
 r - a potion of heal wounds
Comestibles
 f - 2 bread rations
 h - 2 royal jellies


   Skills:
 + Level 3.5 Fighting
 + Level 3.0 Polearms
 + Level 3.3 Armour
 + Level 0.2 Stealth
 + Level 3.3 Shields


You had 3 spell levels left.
You didn't know any spells.

Dungeon Overview and Level Annotations

Branches:
Dungeon (3/15)

Altars:
Trog
Vehumet

Annotations:
D:3 Ijyb


Innate Abilities, Weirdness & Mutations

You are mostly covered in thin metallic scales. (AC +3)


Message History

The worm is moderately wounded.
Ijyb screams, "I cut your head off!"
Ijyb grins evilly.
You block Ijyb's attack.
You hit the worm.
The worm is heavily wounded.
The worm barely misses you. Ijyb hits you but does no damage.
You puncture the worm!
The worm is almost dead.
The worm bites you but does no damage.
Ijyb zaps a wand.
The bolt of lightning hits you!
You are too injured to fight recklessly!
You are too injured to fight recklessly!
You are too injured to fight recklessly!
You closely miss Ijyb. Ijyb hits you but does no damage.
You block the worm's attack.
Your shield and scale mail prevent you from hitting Ijyb.
Ijyb zaps a wand.
The bolt of lightning hits you!
Ouch! That really hurt!
You die...

#...........#.#..
#.###########.##.#
#.# .# .. #.# #.#
#[# #.# #.# #@#
....?.gw#
.........
..........
.#........+
##.......#
#........
#.........


You could see Ijyb and a worm.

Vanquished Creatures
  The ghost of Zachthehappycat the Sneak, a weakling SpEn of Fedhas (D:3)
  4 adders (D:2)
  2 worms (D:2)
  2 dart slugs (D:1)
  2 leopard geckos
  2 bats (D:2)
  A giant cockroach (D:1)
  6 goblins
  8 hobgoblins
  4 jackals (D:1)
  10 kobolds
  A frilled lizard (D:2)
  6 rats
49 creatures vanquished.

Notes
Turn   | Place    | Note
-------+----------+-------------------------------------------
     0 | D:1      | vishdafish the Demonspawn Fighter began the quest for the Orb.
     0 | D:1      | Reached XP level 1. HP: 18/18 MP: 1/1
   349 | D:1      | Gained mutation: You are partially covered in thin metallic scales. (AC +2) [demonic ancestry]
   349 | D:1      | Reached XP level 2. HP: 24/24 MP: 2/2
   681 | D:1      | Gained mutation: You are mostly covered in thin metallic scales. (AC +3) [demonic ancestry]
   681 | D:1      | Reached XP level 3. HP: 29/29 MP: 3/3
  1333 | D:2      | Reached XP level 4. HP: 35/35 MP: 4/4
  1393 | D:2      | Found a radiant altar of Vehumet.
  1417 | D:2      | Found a bloodstained altar of Trog.
  1836 | D:3      | Noticed Zachthehappycat's ghost (weakling SpEn)
  1852 | D:3      | Killed Zachthehappycat's ghost
  1871 | D:3      | Noticed Ijyb
  1879 | D:3      | Killed from afar by Ijyb

Skill      XL: |  1  2  3  4 |
---------------+-------------+-----
Armour         | 3 |  3.3
Shields        | 3 |  3.3
Polearms       | 2 3 |  3.0
Fighting       | |  3.5
Stealth        | |  0.2

Action                   |  1- 3 |  4- 6 || total
-------------------------+-------+-------++-------
Melee: Trident           |   144 |    62 ||   206
  Use: Potion            |     2 |       ||     2
  Eat: Chunk             |     1 |     1 ||     2
Armor: Scale mail        |    46 |    25 ||    71
Dodge: Dodged            |    34 |    14 ||    48
Block: Shield            |    53 |    24 ||    77
